 Dungeon Crawl Stone Soup version 0.20.1-1-g8b1a95d (webtiles) character file.

16 gobwax the Stinger (level 2, -3/17 HPs)
             Began as an Octopode Venom Mage on Aug 12, 2017.
             Slain by a hobgoblin
             ... wielding a +0 club
              (7 damage)
             ... on level 1 of the Dungeon.
             The game lasted 00:02:15 (315 turns).

gobwax the Stinger (Octopode Venom Mage)             Turns: 315, Time: 00:02:16

Health: -3/17      AC:  1    Str:  7    XL:     2   Next: 54%
Magic:  0/5        EV: 13    Int: 19    God:
Gold:   12         SH:  0    Dex: 12    Spells: 4/5 levels left

rFire    . . .     SeeInvis .   (no weapon)
rCold    . . .     Gourm    .   (no shield)
rNeg     . . .     Faith    .   (helmet restricted)
rPois    .         Spirit   .   (no amulet)
rElec    .         Reflect  .   h - +2 ring of intelligence
rCorr    .         Harm     .   (no ring)
MR       .....                  (no ring)
Stlth    +++.......             (no ring)
Regen    0.1/turn               (no ring)
MPRegen  0.1/turn               (no ring)
                                (no ring)
                                (no ring)

@: no status effects
A: almost no armour, stealthy swim, amphibious, 8 rings, constrict 8, camouflage
1, gelatinous body 1
a: no special abilities


You were on level 1 of the Dungeon.
You were not hungry.

You visited 1 branch of the dungeon, and saw 1 of its levels.

You collected 12 gold pieces.

Inventory:

Jewellery
 h - a +2 ring of intelligence (left tentacle)
Scrolls
 d - a scroll of teleportation {unknown}
 e - a scroll of identify {unknown}
Potions
 c - 2 potions of curing {unknown}
 f - a potion of degeneration {unknown}
 g - a potion of agility {unknown}
 i - a potion of haste {unknown}
Books
 a - a Young Poisoner's Handbook

   Spells                             Type                      Level
   a - Sting                          Conjuration/Poison           1
   b - Poisonous Vapours              Poison/Air                   2
   c - Mephitic Cloud                 Conjuration/Poison/Air       3
   d - Olgreb's Toxic Radiance        Poison                       4
   e - Venom Bolt                     Conjuration/Poison           5
Comestibles
 b - a bread ration


   Skills:
 - Level 2.0 Dodging
 - Level 2.6 Stealth
 + Level 2.2 Spellcasting
 * Level 1.4 Conjurations
 + Level 4.1 Poison Magic


You had 4 spell levels left.
You knew the following spells:

 Your Spells              Type           Power        Failure   Level  Hunger
a - Sting                 Conj/Pois      ##..         5%          1    #......


Dungeon Overview and Level Annotations

Branches:
Dungeon (1/15)

Altars:


Innate Abilities, Weirdness & Mutations

You cannot wear most types of armour.
You are very stealthy in the water. (Stealth+)
You are amphibious.
You can wear up to eight rings at the same time.
You can use your tentacles to constrict eight enemies at once.
Your skin changes colour to match your surroundings (Stealth+).
Your rubbery body absorbs attacks. (AC +1, EV +1)


Message History

Press: ? - help, Shift-Dir - straight line, f/p - hobgoblin
Aim: a hobgoblin, wielding a club and wearing a leather armour (heavily wounded)
The sting hits the hobgoblin.
The hobgoblin is poisoned.
The hobgoblin is almost dead.
You tentacle-slap the hobgoblin but do no damage.
You grab the hobgoblin.
The hobgoblin is almost dead.
You constrict the hobgoblin, but do no damage.
The hobgoblin hits you with a club.
* * * LOW HITPOINT WARNING * * *
You tentacle-slap the hobgoblin but do no damage.
The hobgoblin is almost dead.
You constrict the hobgoblin, but do no damage.
The hobgoblin barely misses you.
You tentacle-slap the hobgoblin but do no damage.
Your squeeze misses the hobgoblin.
The hobgoblin is almost dead.
You constrict the hobgoblin, but do no damage.
The hobgoblin hits you with a club!
You die...

# #.# #.# # #.####'####
########## # #.#.......#
#........# ###'#.......#
#........# #...........#
#).......#
#.......)...######........#
.......)....'....'.........
............######.........
............# #@.....###.
.....######## #g.....#
.....# #......# .....#
#......# .....# #......# #
.....# #......########.#
.##### ###...............#
.
########.................#
.
.............###.........#


You could see a hobgoblin.

Vanquished Creatures
  An ooze (D:1)
  3 goblins (D:1)
  2 hobgoblins (D:1)
  3 kobolds (D:1)
  A frilled lizard (D:1)
10 creatures vanquished.

Notes
Turn   | Place    | Note
-------+----------+-------------------------------------------
     0 | D:1      | gobwax the Octopode Venom Mage began the quest for the Orb.
     0 | D:1      | Reached XP level 1. HP: 11/11 MP: 3/3
    96 | D:1      | Reached XP level 2. HP: 17/17 MP: 0/5
   173 | D:1      | Reached skill level 4 in Poison Magic
   315 | D:1      | Slain by a hobgoblin

Skill      XL: |  1  2 |
---------------+-------+-----
Poison Magic   | 4 |  4.1
Dodging        | |  2.0
Stealth        | |  2.6
Spellcasting   | |  2.2
Conjurations   | |  1.4

Action                   || total
-------------------------++-------
Melee: Unarmed           ||    12
       Constrict         ||     2
 Cast: Sting             ||    25
Dodge: Dodged            ||    13
